 Dungeon Crawl Stone Soup version 0.29-a0-802-g34511f41fd (webtiles) character file.

Game seed: 5753961560806538400

123 Sabo the Shield-Bearer (level 5, -3/42 HPs)
             Began as a Formicid Fighter on July 3, 2022.
             Was a Follower of Qazlal.
             Slain by Crazy Yiuf
             ... wielding a +4 quarterstaff of chaos
              (8 damage)
             ... on level 4 of the Dungeon.
             The game lasted 00:16:15 (2877 turns).

Sabo the Shield-Bearer (Formicid Fighter)           Turns: 2877, Time: 00:16:16

Health: -3/42      AC:  9    Str: 22    XL:     5   Next: 28%
Magic:  5/5        EV:  9    Int:  8    God:    Qazlal [*.....]
Gold:   120        SH:  7    Dex: 13    Spells: 4/4 levels left

rFire   . . .      SeeInvis +   a - +1 war axe
rCold   . . .      Faith    .   c - +0 buckler
rNeg    . . .      Spirit   .   b - +0 scale mail
rPois   .          Reflect  .   (helmet unavailable)
rElec   .          Harm     .   (no cloak)
rCorr   .          Rampage  .   n - +0 pair of gloves
Will    .....                   r - +0 pair of boots
Stlth   ..........              (no amulet)
HPRegen 0.14/turn               (no ring)
MPRegen 0.09/turn               (no ring)

@: lethally poisoned (-3 -> -5), attractive, flying, invisible
A: permanent stasis, dig shafts and tunnels, antennae 3, four strong arms
a: Dig, Shaft Self, Renounce Religion


You were on level 4 of the Dungeon.
You worshipped Qazlal.
Qazlal was aware of your devotion.
You visited 1 branch of the dungeon, and saw 4 of its levels.

You collected 120 gold pieces.

Inventory:

Hand Weapons
 a - a +1 war axe (weapon)
Missiles
 h - 4 boomerangs
Armour
 b - a +0 scale mail (worn)
 c - a +0 buckler (worn)
 n - a +0 pair of gloves (worn)
 r - a +0 pair of boots (worn)
Scrolls
 f - 2 scrolls of poison
 g - a scroll of fear
 l - a scroll of silence
 p - a scroll of magic mapping
 q - a scroll of fog
 v - 2 scrolls of enchant weapon
Potions
 d - 2 potions of might
 e - a potion of ambrosia {unknown}
 i - a potion of flight
 j - a potion of curing {unknown}
 k - a potion of berserk rage {unknown}
 m - a potion of attraction
 o - a potion of heal wounds {unknown}
 s - a potion of haste {unknown}
 t - a potion of resistance {unknown}
 u - 2 potions of degeneration {unknown}


   Skills:
 + Level 4.0 Fighting
 + Level 3.8 Axes
 + Level 4.0 Armour
 + Level 0.4 Dodging
 + Level 4.3 Shields


You had 4 spell levels left.
You didn't know any spells.
Your spell library contained the following spells:

 Spells                   Type           Power      Damage    Failure   Level
 Sublimation of Blood     Necr           0%         N/A       90%         2
 Petrify                  Tmut/Erth      0%         N/A       100%        4
 Irradiate                Conj/Tmut      0%         3d13      100%        5


Dungeon Overview and Level Annotations

Branches:
Dungeon (4/15)             Temple (0/1) D:4

Altars:
Qazlal

Shops:
D:3 (*==

Annotations:
D:4 Crazy Yiuf


Innate Abilities, Weirdness & Mutations

You cannot be hasted, slowed, berserked, paralysed or teleported.
You can dig through walls and to a lower floor.
You have a pair of large antennae on your head. (SInv)
Your four strong arms can wield two-handed weapons with a shield.


Message History

a +0 short sword; a kobold corpse You open the door.
You open the door.
There is an open door here.
Found a hammer.
Found a runed translucent door.
You open the door. You hit Crazy Yiuf.
Crazy Yiuf is moderately wounded.
Crazy Yiuf hits you but does no damage.
You are electrocuted!
Crazy Yiuf hits you with a +4 quarterstaff of chaos!
You barely miss Crazy Yiuf.
Crazy Yiuf is moderately wounded.
Crazy Yiuf hits you with a +4 quarterstaff of chaos!
You fade into invisibility!
You barely miss Crazy Yiuf.
Crazy Yiuf is moderately wounded.
Crazy Yiuf cries, "You leg down broken song, no?"
Crazy Yiuf hits you with a +4 quarterstaff of chaos.
You are poisoned.
You closely miss Crazy Yiuf.
Crazy Yiuf is moderately wounded.
* * * LOW HITPOINT WARNING * * *
You feel very sick. Crazy Yiuf misses you. Crazy Yiuf barely misses you.
You barely miss Crazy Yiuf.
Crazy Yiuf is moderately wounded.
You feel sick.
Crazy Yiuf flaps his cloak.
Crazy Yiuf barely misses you.
You hit Crazy Yiuf.
Crazy Yiuf is moderately wounded.
You feel sick. You block Crazy Yiuf's attack.
It was a potion of flight.
You feel very buoyant.
You fly up into the air.
You feel sick. You block Crazy Yiuf's attack.
It was a potion of attraction.
You feel attractive to monsters.
You feel sick.
Crazy Yiuf hits you with a +4 quarterstaff of chaos!
You die...

#'..'##
##...#
#....#
##.....
♣.PP.♣ ###
##......
♣.PP♣♣
#.###.......
♣♣.♣♣
#...'.......
♣.♣♣
#.###.......
♣♣.♣ #.#
##......
♣.♣♣ #.#
##..... ♣♣@♣
#.# ##...#
#g# ###
##'## ...
#.## #...#
###.#. #..)#
#..... #####
#.....
#######.....
#..........#
#########..#


You could see Crazy Yiuf (unable to see you).

Vanquished Creatures
  4 adders
  A white imp (D:4)
  3 worms
  4 dart slugs
  5 ball pythons
  6 endoplasms
  3 giant cockroaches
  A goblin (D:2)
  5 hobgoblins
  7 jackals
  7 kobolds
  2 quokkas
  5 bats
  5 frilled lizards
  A rat (D:2)
59 creatures vanquished.

Notes
Turn   | Place    | Note
-------+----------+-------------------------------------------
     0 | D:1      | Sabo the Formicid Fighter began the quest for the Orb.
     0 | D:1      | Reached XP level 1. HP: 18/18 MP: 1/1
    89 | D:1      | Reached XP level 2. HP: 22/24 MP: 2/2
   316 | D:1      | Reached XP level 3. HP: 29/29 MP: 3/3
   879 | D:2      | Reached XP level 4. HP: 31/36 MP: 4/4
  1341 | D:2      | Found a faded altar of an unknown god.
  1350 | D:2      | Prayed at the altar of an unknown god.
  1350 | D:2      | Became a worshipper of Qazlal Stormbringer
  1350 | D:2      | Reached * piety under Qazlal
  1866 | D:3      | Found Diarol's Jewellery Boutique.
  1878 | D:3      | Found Uroxkot's Jewellery Emporium.
  1977 | D:3      | Found Cacujoq's Assorted Antiques.
  2118 | D:3      | Found Acu Pozxo's Antique Weapon Boutique.
  2308 | D:3      | Reached XP level 5. HP: 42/42 MP: 5/5
  2548 | D:4      | Found a staircase to the Ecumenical Temple.
  2865 | D:4      | Found a runed translucent door.
  2866 | D:4      | Noticed Crazy Yiuf
  2877 | D:4      | Slain by Crazy Yiuf

Illustrated notes

Levels and vault maps discovered:
D:1:      wander_arrival_lonely_grave, layout_rooms
D:2:      layout_basic, shapermc_ecumenical_altar_starsandcircs,
          minmay_tetromino_t4
D:3:      layout_rooms, serial_shops, nicolae_square_shop, shop,
          nicolae_diamond_shop, shop, hex_tiny
D:4:      layout_loops_corners, gammafunk_temple_overflow_pools,
          minmay_temple_entry_trees, serial_demonic, serial_demonic_d,
          serial_demonic_b, serial_demonic_c, serial_demonic_d,
          lightli_corner_chamber, uniq_blork_the_orc, uniq_crazy_yiuf_cottage,
          uniq_edmund

Skill      XL: |  1  2  3  4  5 |
---------------+----------------+-----
Axes           | 3 |  3.8
Fighting       | 4 |  4.0
Armour         | 4 |  4.0
Dodging        | |  0.4
Shields        | |  4.3

Action                   |  1- 3 |  4- 6 || total
-------------------------+-------+-------++-------
Melee: War axe           |    70 |    71 ||   141
  Use: Scroll            |       |     6 ||     6
       Potion            |       |     2 ||     2
Armor: Scale mail        |    40 |    30 ||    70
Dodge: Dodged            |    42 |    34 ||    76
Block: Buckler           |    25 |    24 ||    49

Table legend: (Time is in decaauts)
 A = Elapsed time spent in this place.
 B = Non-inter-level travel time spent in this place.
 C = Inter-level travel time spent in this place.
 D = Time resting spent in this place.
 E = Time spent auto-exploring this place.
 F = Levels seen in this place.
 G = Mean time per level.
                   A        B        C        D        E       F      G
               +--------+--------+--------+--------+--------+-----+--------+
         Total |   2935 |   2935 |      0 |    390 |      0 |   4 |  733.8 |
       Dungeon |   2935 |   2935 |      0 |    390 |      0 |   4 |  733.8 |
               +--------+--------+--------+--------+--------+-----+--------+

Top non-repeatable levels by time:
     D:2: 1281 daAuts
     D:1: 630 daAuts
     D:3: 613 daAuts
     D:4: 410 daAuts
